 Dungeon Crawl Stone Soup version 0.28.0-49-g6dfe1f597d (webtiles) character file.

Game seed: 7311981425751658698

16 Zeld the Chopper (level 2, -2/27 HPs)
             Began as a Hill Orc Monk on May 18, 2022.
             Succumbed to Sigmund's poison
             ... on level 2 of the Dungeon.
             The game lasted 00:00:36 (953 turns).

Zeld the Chopper (Hill Orc Monk)                     Turns: 953, Time: 00:00:37

Health: -2/27      AC: 10    Str: 13    XL:     2   Next: 58%
Magic:  2/2        EV:  3    Int: 10    God:
Gold:   59         SH:  0    Dex: 13    Spells: 1/1 levels left

rFire   . . .      SeeInvis .   a - +0 hand axe
rCold   . . .      Faith    .   (no shield)
rNeg    . . .      Spirit   .   b - +0 plate armour
rPois   .          Reflect  .   (no helmet)
rElec   .          Harm     .   (no cloak)
rCorr   .          Rampage  .   (no gloves)
Will    .....                   (no boots)
Stlth   ..........              (no amulet)
HPRegen 0.09/turn               (no ring)
MPRegen 0.08/turn               (no ring)

@: lethally poisoned (-2 -> -27)
A: no striking features
a: no special abilities


You were on level 2 of the Dungeon.
You visited 1 branch of the dungeon, and saw 2 of its levels.

You collected 59 gold pieces.

Inventory:

Hand Weapons
 a - a +0 hand axe (weapon)
Armour
 b - a +0 plate armour (worn)
Scrolls
 c - a scroll of noise {unknown}
 e - a scroll of fog {unknown}
 f - a scroll of identify {unknown}
 g - a scroll of torment {unknown}
Potions
 d - a potion of berserk rage {unknown}


   Skills:
 * Level 4.1 Fighting
 * Level 4.5 Axes
 + Level 0.8 Armour
 - Level 2.4 Dodging
 - Level 1.5 Stealth


You had one spell level left.
You didn't know any spells.
Your spell library was empty.

Dungeon Overview and Level Annotations

Branches:
Dungeon (2/15)

Altars:

Annotations:
D:2 Sigmund


Message History

The dart slug launches a dart at you. The slug dart hits you.
A dart slug is nearby!
A dart slug is nearby!
A dart slug is nearby!
You hit the dart slug.
The dart slug is heavily wounded.
The dart slug bites you.
You hit the dart slug.
The dart slug is severely wounded.
The dart slug bites you but does no damage.
You slash the dart slug!
You kill the dart slug!
You see here a dart slug corpse.
Key pressed, stopping explore.
No target in view!
Key pressed, stopping explore.
No target in view!
You open the door.
There is an open door here.
There is an open door here.
Found a robe.
No target in view!
Things that are here:
a +0 robe; a +0 dagger; a goblin skeleton Sigmund the Dreaded comes into view.
He is wielding a +2 scythe of venom and wearing a +2 robe of cold resistance.
Sigmund shouts!
Sigmund hits you from afar with a +2 scythe of venom!
You are poisoned.
Sigmund is nearby!
You feel very sick. Sigmund hits you but does no damage.
You are lethally poisoned!
You hit Sigmund but do no damage.
You feel very sick.
You feel very sick.
Sigmund hits you from afar with a +2 scythe of venom!
* * * LOW HITPOINT WARNING * * *
You are more poisoned.
You die...

## ### #. ..# #.
#.# ####. #.# ###
#....#####.# #..
#...@..@.#.# #..
#..#.###.#.#
#####.. ...
#.......# #...#.. #
#.###.### ##......
.. #.# #....... ##
#.##### #.#.##..
#.....# #.#.##..
###.###.####.#.##..
#.........##.#...#.


You could see Sigmund.

Vanquished Creatures
  A worm (D:2)
  A dart slug (D:2)
  An endoplasm (D:1)
  2 hobgoblins
  A kobold (D:1)
  A ball python (D:1)
  A bat (D:1)
  A frilled lizard (D:1)
  2 goblins
  A rat (D:1)
12 creatures vanquished.

Vanquished Creatures (others)
  3 plants (D:2)
3 creatures vanquished.

Grand Total: 15 creatures vanquished

Notes
Turn   | Place    | Note
-------+----------+-------------------------------------------
     0 | D:1      | Zeld the Hill Orc Monk began the quest for the Orb.
     0 | D:1      | Reached XP level 1. HP: 19/19 MP: 1/1
    50 | D:1      | Found a faded altar of an unknown god.
   518 | D:1      | Reached XP level 2. HP: 27/27 MP: 2/2
   947 | D:2      | Noticed Sigmund
   953 | D:2      | Succumbed to Sigmund's poison

Illustrated notes

Levels and vault maps discovered:
D:1:      lemuel_arrival_room, layout_basic,
          hellmonk_ecumenical_altar_crossroads
D:2:      layout_loops_corners, serial_forest, infiniplex_forest_end_double,
          infiniplex_forest_lined_3, infiniplex_forest_end_3,
          infiniplex_forest_3_way, infiniplex_forest_end_1,
          infiniplex_forest_clump_small, infiniplex_forest_corner_1,
          infiniplex_forest_clump_large, infiniplex_forest_clump_curved,
          uniq_sigmund

Skill      XL: |  1  2 |
---------------+-------+-----
Fighting       | 4 |  4.1
Axes           | |  4.5
Armour         | |  0.8
Dodging        | |  2.4
Stealth        | |  1.5

Action                   || total
-------------------------++-------
Melee: Hand axe          ||    57
       Punch             ||     2
 Stab: Sleeping          ||     1
Armor: Robe              ||     4
       Plate armour      ||    11
Dodge: Dodged            ||    28
